 Dungeon Crawl Stone Soup version 0.20.1-1-g8b1a95d (webtiles) character file.

3175 Romulous the Cleaver (level 9, -1/80 HPs)
             Began as a Minotaur Fighter on Oct 25, 2017.
             Was a Priest of Okawaru.
             Slain by a soldier ant (8 damage)
             ... on level 6 of the Dungeon on Oct 26, 2017.
             The game lasted 00:25:11 (5257 turns).

Romulous the Cleaver (Minotaur Fighter)             Turns: 5257, Time: 00:25:12

Health: -1/80      AC: 18    Str: 25    XL:     9   Next: 63%
Magic:  8/8        EV:  6    Int:  5    God:    Okawaru [***...]
Gold:   322        SH: 11    Dex:  9    Spells: 8/8 levels left

rFire    . . .     SeeInvis .   a - +0 war axe
rCold    . . .     Gourm    .   c - +0 shield
rNeg     . . .     Faith    .   l - +0 plate armour
rPois    +         Spirit   .   (helmet restricted)
rElec    .         Reflect  .   b - +2 cloak
rCorr    .         Harm     .   (no gloves)
MR       .....                  n - +0 pair of boots
Stlth    ..........             (no amulet)
Regen    0.3/turn               g - ring of poison resistance
MPRegen  0.2/turn               o - ring of stealth

@: no status effects
A: retaliatory headbutt, horns 2
a: Heroism, Renounce Religion


You were on level 6 of the Dungeon.
You worshipped Okawaru.
Okawaru was most pleased with you.
You were not hungry.

You visited 2 branches of the dungeon, and saw 7 of its levels.
You also visited: Ossuary.

You collected 322 gold pieces.

Inventory:

Hand Weapons
 a - a +0 war axe (weapon)
Missiles
 u - 9 tomahawks (quivered)
Armour
 b - a +2 cloak (worn)
 c - a +0 shield (worn)
 l - a +0 plate armour (worn)
 n - a +0 pair of boots (worn)
Jewellery
 g - a ring of poison resistance (left hand)
 o - a ring of stealth (right hand)
Wands
 D - a wand of paralysis (13/24)
 H - a wand of polymorph (18/24)
Scrolls
 h - 4 scrolls of identify
 j - a scroll of magic mapping {unknown}
 m - 9 scrolls of remove curse
 p - 2 scrolls of fear {unknown}
 q - 2 scrolls of amnesia {unknown}
 s - 3 scrolls of recharging {unknown}
 v - 3 scrolls of teleportation {unknown}
 w - a scroll of enchant armour {unknown}
 y - a scroll of silence {unknown}
 F - a scroll of immolation {unknown}
Potions
 d - 2 potions of might
 e - 4 potions of degeneration {unknown}
 i - 2 potions of lignification {unknown}
 t - 2 potions of ambrosia {unknown}
 z - a potion of brilliance {unknown}
 A - a potion of heal wounds {unknown}
 B - a potion of magic {unknown}
 C - a potion of resistance {unknown}
 G - a potion of flight {unknown}
Comestibles
 r - 7 fruits
 x - 2 bread rations


   Skills:
 + Level 7.7 Fighting
 + Level 11.2 Axes
 + Level 7.5 Armour
 + Level 0.9 Dodging
 + Level 7.9 Shields


You had 8 spell levels left.
You didn't know any spells.

Dungeon Overview and Level Annotations

Branches:
Dungeon (6/15)             Temple (1/1) D:5

Altars:
Cheibriados
Elyvilon
Fedhas
Makhleb
Okawaru
Trog
Uskayaw
Xom
Zin

Shops:
D:5 (

Annotations:
D:6 2 runed doors


Innate Abilities, Weirdness & Mutations

You reflexively headbutt those who attack you in melee.
You have a pair of horns on your head.


Message History

You slash the soldier ant!
Your plate armour prevents you from hitting the worker ant.
You block the soldier ant's attack. You block the worker ant's attack.
The soldier ant barely misses you. You furiously retaliate!
You headbutt the soldier ant, but do no damage.
You slash the soldier ant!
You kill the soldier ant!
Okawaru accepts your kill.
You closely miss the worker ant. You closely miss the soldier ant.
The worker ant bites you but does no damage.
The soldier ant stings you!
* * * LOW HITPOINT WARNING * * *
You slash the worker ant!
You kill the worker ant!
Okawaru accepts your kill.
You hit the soldier ant. You block the soldier ant's attack.
You closely miss the soldier ant. Your headbutt misses the soldier ant.
The soldier ant is heavily wounded.
The soldier ant stings you!
You die... #..# #..#. ... #..## #.#.. yyy

#..# #.### .##+#
yyy##+##.#####.###
.#...
####..[#..........
#....#(#....#..########
.#....#$#....#..#
.#...aa†'....#..#
#@#...##..# #.#S###...#
...###.###.....#
#............##
#######....### ######


You could see a soldier ant, a worker ant and 6 killer bees.

Vanquished Creatures
  Pikel (D:6)
  The ghost of StonedInZion the Shield-Bearer, a novice HOFi of Yredelemnul (D:5)
  Sigmund (D:3)
  3 water moccasins (D:6)
  5 soldier ants (D:6)
  An ice beast (D:5)
  A sky beast (D:5)
  A slave (D:6)
  A phantom (D:5)
  2 centaurs (D:5)
  2 elf zombies (Ossuary)
  A bullfrog (D:6)
  3 crimson imps (D:5)
  A centaur zombie (Ossuary)
  A human zombie (Ossuary)
  A bullfrog skeleton (D:5)
  An orc priest (D:6)
  An orc wizard (D:6)
  Jessica (D:2)
  An iguana (D:5)
  4 worker ants
  2 big kobold zombies (Ossuary)
  A hound skeleton (D:3)
  3 mummies (Ossuary)
  Robin (D:2)
  10 adders
  An ooze (D:1)
  3 adder zombies (Ossuary)
  A worm (D:3)
  3 dart slugs
  3 leopard geckos
  19 orcs
  11 bats
  5 giant cockroaches
  2 gnoll zombies (Ossuary)
  22 goblins
  11 hobgoblins
  9 jackals
  A ball python (D:2)
  4 frilled lizards
  7 goblin zombies (Ossuary)
  3 hobgoblin zombies (Ossuary)
  3 jackal zombies (Ossuary)
  9 kobolds
  6 kobold zombies (Ossuary)
  2 orc zombies (D:4)
  A quokka skeleton (D:4)
  4 quokka zombies (Ossuary)
  9 rats
  2 rat zombies (Ossuary)
192 creatures vanquished.

Vanquished Creatures (others)
  A slave (D:6)
  A jackal skeleton (D:6)
  A fungus (D:3)
3 creatures vanquished.

Grand Total: 195 creatures vanquished

Notes
Turn   | Place    | Note
-------+----------+-------------------------------------------
     0 | D:1      | Romulous the Minotaur Fighter began the quest for the Orb.
     0 | D:1      | Reached XP level 1. HP: 19/19 MP: 0/0
   216 | D:1      | Reached XP level 2. HP: 27/27 MP: 1/1
   520 | D:1      | Reached skill level 3 in Axes
   520 | D:1      | Reached XP level 3. HP: 33/33 MP: 2/2
   871 | D:2      | Reached XP level 4. HP: 41/41 MP: 3/3
   873 | D:2      | Noticed Robin
   877 | D:2      | Killed Robin
  1223 | D:2      | Noticed Jessica
  1234 | D:2      | Killed Jessica
  1234 | D:2      | Reached skill level 4 in Axes
  1442 | D:3      | Reached XP level 5. HP: 40/47 MP: 4/4
  1588 | D:3      | Noticed Sigmund
  1601 | D:3      | Killed Sigmund
  1601 | D:3      | Reached skill level 5 in Fighting
  1601 | D:3      | Reached skill level 5 in Axes
  1601 | D:3      | Reached XP level 6. HP: 44/56 MP: 5/5
  1710 | D:3      | Reached skill level 5 in Armour
  1937 | D:3      | Found a blossoming altar of Fedhas.
  2647 | D:4      | Found a sand-covered staircase.
  2659 | Ossuary  | Entered an ossuary
  2776 | Ossuary  | Reached skill level 6 in Axes
  2794 | Ossuary  | Reached skill level 5 in Shields
  2794 | Ossuary  | Reached XP level 7. HP: 53/62 MP: 6/6
  3446 | D:5      | Entered Level 5 of the Dungeon
  3503 | D:5      | Found a staircase to the Ecumenical Temple.
  3508 | Temple   | Entered the Ecumenical Temple
  3626 | Temple   | Became a worshipper of Warmaster Okawaru
  3701 | D:5      | Reached skill level 7 in Axes
  4071 | D:5      | Found Quuham's Weapon Boutique.
  4156 | D:5      | Reached XP level 8. HP: 68/71 MP: 7/7
  4266 | D:5      | Noticed StonedInZion's ghost (novice HOFi)
  4287 | D:5      | Killed StonedInZion's ghost
  4287 | D:5      | Reached * piety under Okawaru
  4287 | D:5      | Reached skill level 8 in Axes
  4293 | D:5      | Reached skill level 9 in Axes
  4876 | D:5      | Reached ** piety under Okawaru
  4957 | D:6      | Noticed Pikel
  4976 | D:6      | Killed Pikel
  4976 | D:6      | Reached skill level 10 in Axes
  4976 | D:6      | Reached XP level 9. HP: 32/79 MP: 8/8
  5189 | D:6      | Found a runed door.
  5192 | D:6      | Found a runed gate.
  5205 | D:6      | Found a runed gate.
  5205 | D:6      | Found a runed gate.
  5209 | D:6      | Found a runed door.
  5228 | D:6      | Reached *** piety under Okawaru
  5248 | D:6      | Reached skill level 11 in Axes
  5257 | D:6      | Slain by a soldier ant

Skill      XL: |  1  2  3  4  5  6  7  8  9 |
---------------+----------------------------+-----
Fighting       | 4 5 6 7 |  7.7
Armour         | 4 5 6 7 |  7.5
Axes           | 3 4 5 6 7 10 11 | 11.2
Shields        | 4 5 7 |  7.9
Dodging        | |  0.9

Action                   |  1- 3 |  4- 6 |  7- 9 || total
-------------------------+-------+-------+-------++-------
Melee: War axe           |    81 |   193 |   265 ||   539
       Headbutt          |     8 |    28 |    51 ||    87
  Use: Scroll            |       |       |     1 ||     1
       Potion            |       |       |     2 ||     2
  Eat: Chunk             |       |     3 |     2 ||     5
       Bread ration      |       |     1 |       ||     1
       Fruit             |       |       |     3 ||     3
       Royal jelly       |       |       |     2 ||     2
Armor: Scale mail        |    11 |       |       ||    11
       Plate armour      |    68 |   131 |   169 ||   368
Dodge: Dodged            |    15 |    54 |    45 ||   114
Block: Shield            |    52 |    99 |   177 ||   328
